[Event "ICC tourney 1924 (15 5)"]
[Site "Internet Chess Club"]
[Date "2020.07.17"]
[Round "1"]
[White "trdnjava7"]
[Black "MatthewBuniskis"]
[Result "1-0"]
[ICCResult "Black checkmated"]
[WhiteElo "1483"]
[BlackElo "1317"]
[Opening "Sicilian: closed"]
[ECO "B23"]
[NIC "SI.44"]
[Time "12:08:34"]
[TimeControl "900+5"]

1. e4 c5 2. Nc3 a6 3. Nf3 d6 4. Bc4 e6 5. d3 Be7 6. Be3 b5 7. Bd5 exd5 8.
Nxd5 Nc6 9. O-O Nf6 10. Nxe7 Nxe7 11. Bg5 Nc6 12. d4 cxd4 13. Nxd4 Nxd4 14.
Qxd4 Kf8 15. e5 dxe5 16. Qxd8+ Ne8 17. Be7+ Kg8 18. Qxe8# {Black checkmated}
1-0

[Event "ICC tourney 1924 (15 5)"]
[Site "Internet Chess Club"]
[Date "2020.07.17"]
[Round "1"]
[White "rishikanti"]
[Black "dhavansai"]
[Result "1-0"]
[ICCResult "Black checkmated"]
[WhiteElo "1470"]
[BlackElo "1250"]
[Opening "Queen's pawn"]
[ECO "A40"]
[NIC "QO.17"]
[Time "12:08:33"]
[TimeControl "900+5"]

1. d4 e6 2. Bf4 Nf6 3. Nc3 Nc6 4. e4 d5 5. Bd3 dxe4 6. Nxe4 Bb4+ 7. c3 Ba5
8. b4 Bb6 9. Bc2 a5 10. b5 Nb8 11. Nf3 c6 12. a4 cxb5 13. axb5 Nxe4 14. Bxe4
O-O 15. Ng5 f6 16. Bxh7+ Kh8 17. Qh5 g6 18. Bxg6+ Kg8 19. Qh7#
{Black checkmated}
1-0

[Event "ICC tourney 1924 (15 5)"]
[Site "Internet Chess Club"]
[Date "2020.07.17"]
[Round "1"]
[White "vihar"]
[Black "LucSinton"]
[Result "1-0"]
[ICCResult "Black checkmated"]
[WhiteElo "1553"]
[BlackElo "1328"]
[Opening "Giuoco Piano: four knights variation"]
[ECO "C55"]
[NIC "IG.01"]
[Time "12:08:35"]
[TimeControl "900+5"]

1. e4 e5 2. Nf3 Nc6 3. Bc4 Nf6 4. Nc3 Bc5 5. O-O O-O 6. d3 d6 7. Bg5 h6 8.
Bxf6 Qxf6 9. Nd5 Qg6 10. Bb5 Bh3 11. g3 Bxf1 12. Bxc6 bxc6 13. Ne7+ Kh7 14.
Nxg6 Kxg6 15. Qxf1 Rab8 16. Nh4+ Kh7 17. b3 Bd4 18. Re1 g5 19. Nf5 Kg8 20.
Qh3 f6 21. Qxh6 Kf7 22. Qg7+ Ke8 23. Qe7# {Black checkmated} 1-0

[Event "ICC tourney 1924 (15 5)"]
[Site "Internet Chess Club"]
[Date "2020.07.17"]
[Round "1"]
[White "JaithD"]
[Black "IsaacCumes"]
[Result "1-0"]
[ICCResult "Black checkmated"]
[WhiteElo "1388"]
[BlackElo "1286"]
[Opening "French: advance variation"]
[ECO "C02"]
[NIC "FR.03"]
[Time "12:08:35"]
[TimeControl "900+5"]

1. e4 e6 2. d4 d5 3. e5 c5 4. Be3 Qb6 5. Nc3 Nc6 6. Bb5 Bd7 7. dxc5 Bxc5 8.
Bxc5 Qxc5 9. Nf3 Nge7 10. O-O O-O 11. Qd3 a6 12. Bxc6 Bxc6 13. Ng5 Nf5 14.
g4 h6 15. gxf5 hxg5 16. f6 d4 17. Ne4 Qd5 18. f3 g4 19. fxg7 Kxg7 20. Ng5
Bb5 21. Qh7# {Black checkmated} 1-0

[Event "ICC tourney 1924 (15 5)"]
[Site "Internet Chess Club"]
[Date "2020.07.17"]
[Round "1"]
[White "rhadean"]
[Black "Tanvi02"]
[Result "0-1"]
[ICCResult "White checkmated"]
[WhiteElo "1349"]
[BlackElo "1623"]
[Opening "Giuoco Piano: four knights variation"]
[ECO "C50"]
[NIC "IG.02"]
[Time "12:08:33"]
[TimeControl "900+5"]

1. e4 e5 2. Nf3 Nc6 3. Bc4 Bc5 4. Nc3 Nf6 5. O-O O-O 6. d3 d6 7. Bg5 h6 8.
Bh4 Re8 9. h3 Be6 10. Bb3 Bxb3 11. axb3 Bd4 12. Nxd4 exd4 13. Nd5 Nxd5 14.
exd5 Qxh4 15. g3 Qxh3 16. Re1 Ne5 17. c3 dxc3 18. bxc3 Ng4 19. Re2 Qh2+ 20.
Kf1 Qh1# {White checkmated} 0-1

[Event "ICC tourney 1924 (15 5)"]
[Site "Internet Chess Club"]
[Date "2020.07.17"]
[Round "1"]
[White "dmenon25"]
[Black "nithin0628"]
[Result "0-1"]
[ICCResult "White checkmated"]
[WhiteElo "1314"]
[BlackElo "1274"]
[Opening "French: advance, Milner-Barry gambit"]
[ECO "C02"]
[NIC "FR.03"]
[Time "12:08:34"]
[TimeControl "900+5"]

1. e4 e6 2. d4 d5 3. e5 c5 4. c3 Nc6 5. Nf3 Qb6 6. Bd3 Nh6 7. Bxh6 Qxb2 8.
Nbd2 gxh6 9. Qc1 Qxc1+ 10. Rxc1 cxd4 11. cxd4 Bb4 12. O-O Bxd2 13. Nxd2 Nxd4
14. h3 Rg8 15. Nb3 Nxb3 16. axb3 Bd7 17. Rc2 Rc8 18. Rxc8+ Bxc8 19. Rc1 Kd8
20. Bxh7 Rg5 21. Bd3 Rxe5 22. Kf1 d4 23. Re1 Rxe1+ 24. Kxe1 e5 25. Ke2 Ke7
26. Kf3 Kf6 27. Ke4 Bf5+ 28. Kd5 Bxd3 29. Kc5 Bc2 30. Kc4 d3 31. Kc3 e4 32.
Kd2 Ke5 33. b4 Kd4 34. f4 e3+ 35. Ke1 d2+ 36. Ke2 d1=Q# {White checkmated}
0-1

[Event "ICC tourney 1924 (15 5)"]
[Site "Internet Chess Club"]
[Date "2020.07.17"]
[Round "1"]
[White "lienegu"]
[Black "NMHartman"]
[Result "0-1"]
[ICCResult "White checkmated"]
[WhiteElo "1317"]
[BlackElo "1483"]
[Opening "Ruy Lopez: modern Steinitz defense"]
[ECO "C74"]
[NIC "RL.11"]
[Time "12:08:30"]
[TimeControl "900+5"]

1. e4 e5 2. Nf3 Nc6 3. Bb5 d6 4. c3 a6 5. Ba4 b5 6. Bb3 Nf6 7. d3 Be7 8. O-O
Be6 9. Bxe6 fxe6 10. Re1 O-O 11. h3 Nd7 12. Nbd2 Rf6 13. Nf1 Rg6 14. Ng3 Bh4
15. Nxh4 Qxh4 16. Qf3 Rf8 17. Qh5 Qf6 18. Be3 d5 19. exd5 exd5 20. d4 exd4
21. Bxd4 Qf7 22. Be3 Rf6 23. Re2 Nde5 24. Bd4 Qxh5 25. Nxh5 Rf5 26. g4 Rg5
27. Bxe5 Nxe5 28. f4 Nf3+ 29. Kg2 Nh4+ 30. Kg3 Nf5+ 31. Kf3 Nh4+ 32. Kg3
Nf5+ 33. Kf2 Rxh5 34. gxh5 Nh4 35. Kg3 Nf5+ 36. Kf3 d4 37. Rd2 dxc3 38. bxc3
Re8 39. Rad1 Re3+ 40. Kf2 Rxc3 41. Rd8+ Kf7 42. R8d7+ Kf8 43. Rd8+ Kf7 44.
R1d7+ Kf6 45. Rf8+ Ke6 46. Rd2 Rxh3 47. Re2+ Kd5 48. Rxf5+ Kd6 49. Rd2+ Ke6
50. Rdd5 Rh2+ 51. Kg3 Rxa2 52. Rde5+ Kd6 53. Rf7 b4 54. Rxg7 b3 55. Rxh7 b2
56. Re1 Ra1 57. Rh6+ Kc5 58. Re5+ Kd4 59. f5 Kxe5 60. f6 b1=Q 61. f7 Ra3+
62. Kg4 Qg1+ 63. Kh4 Qg3# {White checkmated} 0-1

[Event "ICC tourney 1924 (15 5)"]
[Site "Internet Chess Club"]
[Date "2020.07.17"]
[Round "1"]
[White "Egkninja"]
[Black "eevee11"]
[Result "1-0"]
[ICCResult "Black resigns"]
[WhiteElo "1544"]
[BlackElo "1429"]
[Opening "Evans gambit"]
[ECO "C52"]
[NIC "IG.05"]
[Time "12:08:33"]
[TimeControl "900+5"]

1. e4 e5 2. Nf3 Nc6 3. Bc4 Bc5 4. b4 Bxb4 5. c3 Ba5 6. d4 exd4 7. Nxd4 Nxd4
8. Qxd4 Nf6 9. Qe5+ Qe7 10. Qxa5 Qxe4+ 11. Be2 Qxg2 12. Qe5+ Kd8 13. Rf1 d6
14. Qg3 Qxg3 15. fxg3 Bh3 16. Rf2 Ke7 17. Bg5 h6 18. Bxf6+ gxf6 19. Nd2 Be6
20. Bf3 c6 21. a3 Rag8 22. Rb1 Rb8 23. Be2 h5 24. Rd1 d5 25. c4 dxc4 26.
Bxc4 Bxc4 27. Nxc4 b5 28. Na5 Rbc8 29. Rc2 c5 30. Rdc1 Kd6 31. Nb7+ Kc6 32.
Nxc5 Kd6 33. Ne4+ Ke5 34. Rxc8 {Black resigns} 1-0

[Event "ICC tourney 1924 (15 5)"]
[Site "Internet Chess Club"]
[Date "2020.07.17"]
[Round "1"]
[White "shripat2020"]
[Black "nihas204"]
[Result "1-0"]
[ICCResult "Black checkmated"]
[WhiteElo "1483"]
[BlackElo "1317"]
[Opening "Scotch opening"]
[ECO "C44"]
[NIC "KP.10"]
[Time "12:08:41"]
[TimeControl "900+5"]

1. e4 e5 2. Nf3 Nc6 3. d4 f6 4. Bc4 Nh6 5. O-O Bd6 6. Nc3 Bb4 7. Bd2 Nxd4 8.
Nxd4 exd4 9. Ne2 Bc5 10. h3 d6 11. c3 dxc3 12. Bxc3 Qe7 13. Re1 Be6 14. Bxe6
Qxe6 15. Qd3 O-O-O 16. Ng3 Rhe8 17. Re2 d5 18. exd5 Qb6 19. Rae1 Re4 20.
Qxe4 Qb5 21. Qxh7 Rd6 22. Re8+ Rd8 23. Rxd8+ Kxd8 24. Qxg7 Nf5 25. Nxf5 Bb6
26. Bxf6+ Kc8 27. Qe7 Ba5 28. Qd8# {Black checkmated} 1-0

[Event "ICC tourney 1924 (15 5)"]
[Site "Internet Chess Club"]
[Date "2020.07.17"]
[Round "1"]
[White "eternaldhatu"]
[Black "KingYap"]
[Result "1-0"]
[ICCResult "Black checkmated"]
[WhiteElo "1483"]
[BlackElo "1317"]
[Opening "Petrov: Cozio (Lasker) attack"]
[ECO "C42"]
[NIC "RG.03"]
[Time "12:08:38"]
[TimeControl "900+5"]

1. e4 e5 2. Nf3 Nf6 3. Nxe5 d6 4. Nf3 Nxe4 5. Qe2 d5 6. d3 Bf5 7. dxe4 dxe4
8. Nfd2 Qe7 9. Qd1 Qd7 10. Nc3 Bb4 11. Bc4 Bxc3 12. bxc3 O-O 13. O-O Nc6 14.
f3 Rfe8 15. Ba3 e3 16. Nb3 Qxd1 17. Rfxd1 e2 18. Re1 Bxc2 19. Rxe2 Rxe2 20.
Bxe2 Re8 21. Re1 a5 22. Nd4 Nxd4 23. cxd4 b5 24. Bb2 Bd3 25. Kf2 b4 26. Bxd3
Rc8 27. Ba6 Ra8 28. d5 h6 29. Bb7 Rb8 30. Bc6 g6 31. Rd1 Rb6 32. h3 Kh7 33.
g4 g5 34. Kg3 Kg6 35. Bd7 Rd6 36. Bf5# {Black checkmated} 1-0

[Event "ICC tourney 1924 (15 5)"]
[Site "Internet Chess Club"]
[Date "2020.07.17"]
[Round "1"]
[White "amqueen"]
[Black "arjunbupeshnath"]
[Result "0-1"]
[ICCResult "White checkmated"]
[WhiteElo "1317"]
[BlackElo "1483"]
[Opening "English opening"]
[ECO "A20"]
[NIC "EO.25"]
[Time "12:08:55"]
[TimeControl "900+5"]

1. c4 e5 2. e3 Nf6 3. Nc3 Bc5 4. Nf3 Nc6 5. Be2 O-O 6. O-O d5 7. b3 Bf5 8.
Nb1 Qd6 9. Bb2 d4 10. Qc1 Rfd8 11. Rd1 Nb4 12. Na3 Bd3 13. Re1 Bxe2 14. Rxe2
Nd3 15. Qc2 Nxb2 16. Qxb2 Bxa3 17. Qc2 d3 18. Qd1 dxe2 19. Qxe2 e4 20. Nd4
Bb2 21. Rb1 Bxd4 22. exd4 Qxd4 23. Rd1 Qd3 24. Qe1 Qc2 25. Qe2 Rd7 26. f3
Rad8 27. fxe4 Rxd2 28. Rxd2 Rxd2 29. Qe1 Rd1 30. Kf1 Qd3+ 31. Kf2 Nxe4+ 32.
Kg1 Rxe1# {White checkmated} 0-1

[Event "ICC tourney 1924 (15 5)"]
[Site "Internet Chess Club"]
[Date "2020.07.17"]
[Round "1"]
[White "imstanley"]
[Black "RoPac"]
[Result "0-1"]
[ICCResult "White checkmated"]
[WhiteElo "1317"]
[BlackElo "1483"]
[Opening "Queen's bishop game"]
[ECO "D00"]
[NIC "QP.08"]
[Time "12:08:35"]
[TimeControl "900+5"]

1. d4 d5 2. Bf4 Nf6 3. Nf3 Nc6 4. e3 Bf5 5. c3 e6 6. Nbd2 Bd6 7. Ne5 Ne7 8.
Bg3 Ne4 9. f4 Nxg3 10. hxg3 c5 11. Ndf3 Qc7 12. Bd3 Bxd3 13. Nxd3 c4 14.
Nde5 Bxe5 15. Nxe5 f6 16. Nf3 O-O 17. Qc2 Ng6 18. O-O-O Rfd8 19. g4 Qf7 20.
f5 exf5 21. gxf5 Ne7 22. g4 h6 23. Qh2 Kf8 24. Rhe1 Rac8 25. e4 dxe4 26.
Rxe4 Qd5 27. Rde1 Re8 28. Qe2 Rc7 29. Nd2 Rd7 30. b3 cxb3 31. Nxb3 b6 32. c4
Qd6 33. c5 bxc5 34. Nxc5 Rc7 35. Re6 Qd8 36. Kc2 Kf7 37. Kd3 Rxc5 38. Ke3
Rc3+ 39. Kf2 Qxd4+ 40. Kf1 Qf4+ 41. Qf2 Qxf2+ 42. Kxf2 Rc2+ 43. Kg3 Rc3+ 44.
Kh4 g5+ 45. Kh5 Rh3# {White checkmated} 0-1

[Event "ICC tourney 1924 (15 5)"]
[Site "Internet Chess Club"]
[Date "2020.07.17"]
[Round "1"]
[White "Siritnt"]
[Black "AD2812"]
[Result "0-1"]
[ICCResult "White checkmated"]
[WhiteElo "1364"]
[BlackElo "1509"]
[Opening "Four knights: double Ruy Lopez"]
[ECO "C49"]
[NIC "KP.03"]
[Time "12:08:40"]
[TimeControl "900+5"]

1. e4 e5 2. Nf3 Nc6 3. Bb5 Nf6 4. Nc3 Bb4 5. d3 d6 6. O-O Bd7 7. Bg5 O-O 8.
Nd5 h6 9. Bxf6 gxf6 10. c3 Bc5 11. b4 Bb6 12. a4 a6 13. Nxb6 cxb6 14. Bc4
Na7 15. h3 b5 16. Bb3 bxa4 17. Bxa4 Bxa4 18. Rxa4 Kh7 19. d4 Qd7 20. Ra1 Rg8
21. dxe5 Qxh3 22. g3 dxe5 23. Qd5 Rg7 24. Qxb7 Qc8 25. Qxc8 Nxc8 26. b5 a5
27. Ra2 Nd6 28. Rb1 Nxe4 29. Rba1 Nxc3 30. Rxa5 Rxa5 31. Rxa5 Rg8 32. b6 Rb8
33. Ra7 Rxb6 34. Rxf7+ Kg6 35. Rc7 Ne4 36. Kf1 Rb3 37. Nh4+ Kg5 38. Rg7+ Kh5
39. Kg2 Rb2 40. Kh3 Nxf2+ 41. Kg2 Ng4+ 42. Kf3 Rb3+ 43. Kg2 e4 44. Kh3 Nf2+
45. Kg2 Rb2 46. Rd7 Ng4+ 47. Kh3 Rh2# {White checkmated} 0-1

[Event "ICC tourney 1924 (15 5)"]
[Site "Internet Chess Club"]
[Date "2020.07.17"]
[Round "1"]
[White "siddham"]
[Black "ehkuo"]
[Result "1-0"]
[ICCResult "Black forfeits on time"]
[WhiteElo "1341"]
[BlackElo "824"]
[Opening "Queen's pawn, Mason variation"]
[ECO "D00"]
[NIC "QP.08"]
[Time "12:08:42"]
[TimeControl "900+5"]

1. d4 d5 2. Bf4 Nc6 3. e3 Bf5 4. a3 Nf6 5. Nd2 e6 6. c3 Bd6 7. Bg3 Ne4 8.
Nxe4 Bxe4 9. Nf3 O-O 10. Bd3 Bxd3 11. Qxd3 Bxg3 12. hxg3 h6 13. g4 f5 14.
gxf5 exf5 15. Nd2 Qe7 16. Qb5 Rab8 17. Qxd5+ Rf7 18. O-O-O Rd8 19. Qb3 Rb8
20. Rh5 Qf6 21. Nf3 Qg6 22. Rh2 Qd6 23. Rdh1 a6 24. Nh4 {Black forfeits on
time} 1-0

[Event "ICC tourney 1924 (15 5)"]
[Site "Internet Chess Club"]
[Date "2020.07.17"]
[Round "1"]
[White "mxkuo"]
[Black "unigirl314"]
[Result "0-1"]
[ICCResult "White checkmated"]
[WhiteElo "783"]
[BlackElo "1332"]
[Opening "Four knights: Spanish, classical defense"]
[ECO "C64"]
[NIC "RL.01"]
[Time "12:08:39"]
[TimeControl "900+5"]

1. e4 e5 2. Nf3 Nc6 3. Bb5 Bc5 4. Nc3 Nf6 5. O-O d6 6. d3 O-O 7. Bg5 Be6 8.
h3 a6 9. Ba4 b5 10. Bb3 Qe7 11. a3 a5 12. Nxb5 a4 13. Ba2 Rfd8 14. Bxe6 fxe6
15. Qd2 d5 16. exd5 exd5 17. Bxf6 gxf6 18. Rfe1 Kf7 19. b4 Bb6 20. Qc3 Rg8
21. Qxc6 Qe6 22. Qc3 Qxh3 23. Kf1 Qxg2+ 24. Ke2 Qxf2+ 25. Kd1 Qxf3+ 26. Re2
Rg1+ 27. Kd2 Rxa1 28. Qxa1 Rh8 29. Qb1 h5 30. Re1 h4 31. Rh1 h3 32. Rh2 Qg3
33. Rh1 h2 34. Kc3 d4+ 35. Kb2 f5 36. Qf1 Kf6 37. Kc1 e4 38. Kd2 e3+ 39. Kd1
Qg4+ 40. Ke1 e2 41. Kd2 Qf4+ 42. Ke1 exf1=Q+ 43. Rxf1 Qxf1+ 44. Kxf1 h1=Q+
45. Kf2 Rh2+ 46. Kg3 Qg2+ 47. Kf4 Rh4# {White checkmated} 0-1

[Event "ICC tourney 1924 (15 5)"]
[Site "Internet Chess Club"]
[Date "2020.07.17"]
[Round "2"]
[White "nihas204"]
[Black "lienegu"]
[Result "0-1"]
[ICCResult "White checkmated"]
[WhiteElo "1253"]
[BlackElo "1381"]
[Opening "two knights defense"]
[ECO "C58"]
[NIC "KP.01"]
[Time "13:28:21"]
[TimeControl "900+5"]

1. e4 e5 2. Nf3 Nc6 3. Bc4 Nf6 4. Ng5 d5 5. exd5 Na5 6. b3 Nxc4 7. bxc4 Nxd5
8. c5 Qxg5 9. O-O Bxc5 10. d4 Nf4 11. dxc5 Qxg2# {White checkmated} 0-1

[Event "ICC tourney 1924 (15 5)"]
[Site "Internet Chess Club"]
[Date "2020.07.17"]
[Round "2"]
[White "nithin0628"]
[Black "JaithD"]
[Result "0-1"]
[ICCResult "White checkmated"]
[WhiteElo "1257"]
[BlackElo "1423"]
[Opening "Petrov's defense"]
[ECO "C42"]
[NIC "RG.03"]
[Time "13:27:56"]
[TimeControl "900+5"]

1. e4 e5 2. Nf3 Nf6 3. Nxe5 Nc6 4. Nxc6 dxc6 5. Nc3 Bd6 6. Bc4 O-O 7. d4 b5
8. Bb3 a5 9. a4 b4 10. Ne2 Nxe4 11. O-O Qh4 12. h3 Ng5 13. d5 Bxh3 14. gxh3
Qxh3 15. Bf4 Nf3# {White checkmated} 0-1

[Event "ICC tourney 1924 (15 5)"]
[Site "Internet Chess Club"]
[Date "2020.07.17"]
[Round "2"]
[White "NMHartman"]
[Black "rishikanti"]
[Result "1-0"]
[ICCResult "Black checkmated"]
[WhiteElo "1545"]
[BlackElo "1408"]
[Opening "Caro-Kann defense"]
[ECO "B11"]
[NIC "CK.01"]
[Time "13:27:50"]
[TimeControl "900+5"]

1. e4 c6 2. Nc3 d5 3. exd5 cxd5 4. d4 Bf5 5. Bf4 Nc6 6. g3 Qb6 7. Nxd5 Rc8
8. Nxb6 axb6 9. Nf3 Nb4 10. Rc1 Nxc2+ 11. Ke2 Nf6 12. Bg2 g6 13. Nh4 Bg4+
14. f3 Nxd4+ 15. Qxd4 Be6 16. Rxc8+ Bxc8 17. Qxb6 Bg7 18. Rd1 O-O 19. Rd8
Be6 20. Rxf8+ Bxf8 21. Qxb7 Bc4+ 22. Kd2 Bxa2 23. Qb8 Kg7 24. Be5 Kg8 25.
Bxf6 exf6 26. f4 Be6 27. Bc6 Kg7 28. Qb7 Bc5 29. Bd5 Bxd5 30. Qxd5 Bg1 31.
Qg2 Bd4 32. b4 h5 33. b5 Kh6 34. Qd5 Bg1 35. Qxf7 Bxh2 36. Qxg6#
{Black checkmated}
1-0

[Event "ICC tourney 1924 (15 5)"]
[Site "Internet Chess Club"]
[Date "2020.07.17"]
[Round "2"]
[White "IsaacCumes"]
[Black "dmenon25"]
[Result "1-0"]
[ICCResult "Black checkmated"]
[WhiteElo "1360"]
[BlackElo "1264"]
[Opening "Two knights defense"]
[ECO "C58"]
[NIC "KP.01"]
[Time "13:27:55"]
[TimeControl "900+5"]

1. e4 e5 2. Nf3 Nc6 3. Bc4 Nf6 4. Ng5 d5 5. exd5 Na5 6. Bb5+ c6 7. dxc6 bxc6
8. Bd3 h6 9. Nf3 e4 10. Qe2 Bf5 11. Nh4 Be6 12. Bxe4 Nxe4 13. Qxe4 Be7 14.
O-O Bxh4 15. f4 Qb6+ 16. Kh1 O-O 17. f5 Bd5 18. Qxh4 Rae8 19. Nc3 Re7 20.
Qxe7 Qa6 21. d3 f6 22. Nxd5 cxd5 23. Qe6+ Qxe6 24. fxe6 Re8 25. Re1 Kf8 26.
Bd2 Nc6 27. Re2 Nd4 28. Bb4+ Kg8 29. Rd2 Rxe6 30. Bc5 Re2 31. Rxe2 Nxe2 32.
Bxa7 Nf4 33. Re1 Kf7 34. b4 Ne6 35. b5 Nc7 36. b6 Na6 37. b7 g6 38. b8=Q
Nxb8 39. Bxb8 g5 40. a4 h5 41. a5 g4 42. a6 h4 43. a7 g3 44. hxg3 hxg3 45.
Bxg3 Kg6 46. a8=Q Kh5 47. Qxd5+ Kg4 48. Qf3+ Kg5 49. Qf4+ Kg6 50. Re6 Kg7
51. Qxf6+ Kh7 52. Qf7+ Kh8 53. Re8# {Black checkmated} 1-0

[Event "ICC tourney 1924 (15 5)"]
[Site "Internet Chess Club"]
[Date "2020.07.17"]
[Round "2"]
[White "knightseu"]
[Black "vihar"]
[Result "0-1"]
[ICCResult "White checkmated"]
[WhiteElo "1330"]
[BlackElo "1563"]
[Opening "King's pawn game"]
[ECO "C44"]
[NIC "KP.10"]
[Time "13:27:54"]
[TimeControl "900+5"]

1. e4 e5 2. Nf3 Nc6 3. Bd3 Nf6 4. Nc3 Bc5 5. Bc4 O-O 6. O-O d6 7. d3 Bg4 8.
Bg5 Nd4 9. Kh1 Re8 10. Be3 Qd7 11. Rg1 c6 12. a3 d5 13. Ba2 dxe4 14. dxe4
Rad8 15. Na4 Nxe4 16. c3 Nxf3 17. gxf3 Bxe3 18. Qd4 Bxd4 19. cxd4 Nxf2+ 20.
Kg2 Bh3+ 21. Kxf2 Qxd4+ 22. Ke2 Qd2# {White checkmated} 0-1

[Event "ICC tourney 1924 (15 5)"]
[Site "Internet Chess Club"]
[Date "2020.07.17"]
[Round "2"]
[White "AD2812"]
[Black "shripat2020"]
[Result "1-0"]
[ICCResult "Black checkmated"]
[WhiteElo "1569"]
[BlackElo "1424"]
[Opening "Four knights: Ranken variation"]
[ECO "C48"]
[NIC "KP.03"]
[Time "13:28:04"]
[TimeControl "900+5"]

1. e4 e5 2. Nf3 Nc6 3. Nc3 Nf6 4. Bb5 a6 5. Bxc6 dxc6 6. Nxe5 Qe7 7. f4 Bd7
8. d3 O-O-O 9. O-O Qc5+ 10. Kh1 Qa7 11. Nxf7 Ng4 12. Qe2 Re8 13. Nxh8 Re7
14. h3 Nf6 15. Be3 Qb8 16. f5 Nh5 17. Qxh5 h6 18. Ng6 Be8 19. Nxe7+ Kd8 20.
Ng6 Qc8 21. Qh4+ Kd7 22. Nxf8+ Kd6 23. Bf4+ Kc5 24. Ne6+ Kb6 25. Qf2+ Ka5
26. Bxc7+ Kb4 27. a3# {Black checkmated} 1-0

[Event "ICC tourney 1924 (15 5)"]
[Site "Internet Chess Club"]
[Date "2020.07.17"]
[Round "2"]
[White "KingSpencer"]
[Black "eternaldhatu"]
[Result "0-1"]
[ICCResult "White resigns"]
[WhiteElo "1326"]
[BlackElo "1527"]
[Opening "Sicilian"]
[ECO "B50"]
[NIC "SI.01"]
[Time "13:28:01"]
[TimeControl "900+5"]

1. e4 c5 2. Nf3 d6 3. Nc3 g6 4. b3 Bg7 5. Bb2 Nf6 6. Nd5 O-O 7. Nxf6+ exf6
8. Bd3 Nc6 9. O-O f5 10. exf5 Bxf5 11. Bxf5 gxf5 12. c3 Ne5 13. Nxe5 Bxe5
14. Rb1 Qc7 15. g3 b6 16. b4 cxb4 17. cxb4 Qb7 18. Bxe5 dxe5 19. Re1 e4 20.
g4 fxg4 21. Qxg4+ Kh8 22. Kf1 Rae8 23. Rbc1 Rg8 24. Qf4 a5 25. bxa5 bxa5 26.
Rc4 Qb5 27. d3 exd3 28. Rxe8 Rxe8 29. Qd4+ Kg8 30. Qxd3 Kf8 31. Qa3+ Re7 32.
Qc3 Qb1+ 33. Kg2 Qg6+ 34. Kf3 Qh5+ 35. Kg3 Qg6+ 36. Kh4 Re4+ 37. Rxe4 Qxe4+
38. Kg3 Qg6+ 39. Kf3 Qh5+ 40. Ke4 Qh4+ 41. Kd5 Qh5+ 42. Kd6 Qh6+ 43. Kd7
Qe6+ 44. Kc7 Qe7+ 45. Kc6 Qe8+ 46. Kb6 Qd8+ 47. Ka6 Qa8+ 48. Kb5 Qd5+ 49.
Kb6 Ke7 50. Qc7+ Ke6 51. Qc8+ Kf6 52. Kc7 Qc4+ 53. Kd7 Qxa2 54. Qh8+ Kg6 55.
Qg8+ Kh6 56. f4 Qd2+ 57. Ke7 Qxf4 58. Qxf7 Qxf7+ 59. Kxf7 a4 60. Ke6 a3 61.
Kd5 a2 62. h4 a1=Q {White resigns} 0-1

[Event "ICC tourney 1924 (15 5)"]
[Site "Internet Chess Club"]
[Date "2020.07.17"]
[Round "2"]
[White "Tanvi02"]
[Black "Egkninja"]
[Result "1-0"]
[ICCResult "Black checkmated"]
[WhiteElo "1642"]
[BlackElo "1481"]
[Opening "Four knights: Spanish variation"]
[ECO "C48"]
[NIC "KP.03"]
[Time "13:27:57"]
[TimeControl "900+5"]

1. e4 e5 2. Nf3 Nc6 3. Nc3 Nf6 4. Bb5 d6 5. d3 Bg4 6. h3 Bh5 7. g4 Bg6 8. g5
Nh5 9. d4 a6 10. Ba4 b5 11. Bb3 exd4 12. Bd5 Qd7 13. Nxd4 Nxd4 14. Bxa8 c5
15. Ne2 Nf3+ 16. Kf1 Bxe4 17. Bxe4 Be7 18. Bxf3 g6 19. Bxh5 gxh5 20. a3 Rg8
21. h4 f6 22. gxf6 Bxf6 23. Nc3 Qg7 24. Qxh5+ Kd8 25. Qf3 Bd4 26. Bg5+ Kc8
27. Qc6+ Kb8 28. Qxd6+ Kc8 29. Qxa6+ Kc7 30. Nxb5+ Kd7 31. Qd6+ Ke8 32. Qd8+
Kf7 33. Qe7+ Kg6 34. Qe6+ Bf6 35. Bxf6 Qxf6 36. Qxg8+ Qg7 37. Qxg7+ Kxg7 38.
Rd1 c4 39. b3 cxb3 40. cxb3 h5 41. Rg1+ Kh6 42. a4 Kh7 43. Rg5 Kh6 44. Rd6+
Kh7 45. Rxh5+ Kg7 46. a5 Kf7 47. a6 Kg7 48. a7 Kf7 49. Rh7+ Kg8 50. Rdd7 Kf8
51. a8=Q# {Black checkmated} 1-0

[Event "ICC tourney 1924 (15 5)"]
[Site "Internet Chess Club"]
[Date "2020.07.17"]
[Round "2"]
[White "eevee11"]
[Black "imstanley"]
[Result "1-0"]
[ICCResult "Black checkmated"]
[WhiteElo "1431"]
[BlackElo "1245"]
[Opening "Sicilian: dragon, Yugoslav attack, 9.Bc4"]
[ECO "B77"]
[NIC "SI.18"]
[Time "13:27:53"]
[TimeControl "900+5"]

1. e4 c5 2. Nf3 d6 3. d4 cxd4 4. Nxd4 Nf6 5. Nc3 g6 6. Be3 Nc6 7. Bc4 Bg7 8.
f3 O-O 9. Qd2 e6 10. O-O-O a6 11. Nxc6 bxc6 12. g4 Bb7 13. h4 d5 14. exd5
cxd5 15. Bd3 d4 16. Bf4 dxc3 17. bxc3 Bxf3 18. g5 Bxd1 19. Qxd1 Nd5 20. Qd2
Nxf4 21. Qxf4 Rc8 22. c4 Qb6 23. h5 Qb2+ 24. Kd2 Bc3+ 25. Ke3 e5 26. Qh2
Rce8 27. hxg6 f5 28. Qxh7# {Black checkmated} 1-0

[Event "ICC tourney 1924 (15 5)"]
[Site "Internet Chess Club"]
[Date "2020.07.17"]
[Round "2"]
[White "arjunbupeshnath"]
[Black "siddham"]
[Result "1-0"]
[ICCResult "Black checkmated"]
[WhiteElo "1524"]
[BlackElo "1300"]
[Opening "King's pawn game"]
[ECO "C50"]
[NIC "IG.03"]
[Time "13:27:52"]
[TimeControl "900+5"]

1. e4 e5 2. Nf3 Nc6 3. Bc4 h6 4. d4 d6 5. dxe5 dxe5 6. Qxd8+ Kxd8 7. O-O Nf6
8. Nc3 Bb4 9. Bxf7 Bxc3 10. bxc3 Nxe4 11. Bb2 Bf5 12. Rfe1 Nd6 13. Bb3 e4
14. Nd4 Nxd4 15. cxd4 Kc8 16. c4 b6 17. c5 Ne8 18. cxb6 axb6 19. Bd5 Rb8 20.
Bxe4 Bxe4 21. Rxe4 Nd6 22. Re3 Kb7 23. Rc1 Ra8 24. a3 Nb5 25. Re7 g5 26. d5
Rhd8 27. d6 Rxd6 28. Be5 Rc6 29. Rxc6 Kxc6 30. Rh7 Kb7 31. Rxh6 Rxa3 32. Rg6
Rd3 33. h3 Rd5 34. Rxg5 Nd6 35. Bf4 Rxg5 36. Bxg5 b5 37. h4 b4 38. Bf6 b3
39. h5 Nf7 40. g4 c5 41. f4 Kc6 42. Bg7 Kd5 43. g5 Ke4 44. g6 Nd6 45. h6 Kf5
46. h7 Kxg6 47. h8=Q Nf7 48. Qg8 c4 49. Bc3+ Kf5 50. Qxf7+ Ke4 51. Qxc4+ Kf5
52. Qf7+ Ke4 53. f5 Kd3 54. Qxb3 Ke4 55. f6 Kf5 56. f7 Ke4 57. f8=Q Kd3 58.
Qf4 Ke2 59. Qc2# {Black checkmated} 1-0

[Event "ICC tourney 1924 (15 5)"]
[Site "Internet Chess Club"]
[Date "2020.07.17"]
[Round "2"]
[White "unigirl314"]
[Black "trdnjava7"]
[Result "1-0"]
[ICCResult "Black checkmated"]
[WhiteElo "1420"]
[BlackElo "1395"]
[Opening "Two knights defense"]
[ECO "C55"]
[NIC "KP.02"]
[Time "13:27:58"]
[TimeControl "900+5"]

1. e4 e5 2. Nf3 Nc6 3. d4 exd4 4. Bc4 Nf6 5. O-O Bc5 6. Bf4 Nxe4 7. Re1 d5
8. Bxd5 Qxd5 9. Nc3 Qc4 10. Nxe4 O-O 11. Qd2 Bb4 12. c3 dxc3 13. bxc3 Ba5
14. Rad1 Bf5 15. Qc2 Rfe8 16. Nf6+ gxf6 17. Rxe8+ Rxe8 18. Qxf5 Bxc3 19. h3
Nd4 20. Nxd4 Bxd4 21. Bh6 Kh8 22. Qd7 Rg8 23. Qxd4 Qc6 24. f3 Qc2 25. Qxf6+
Rg7 26. Qxg7# {Black checkmated} 1-0